 Dungeon Crawl Stone Soup version 0.27-a0-1324-ge0d8e047f6 (webtiles) character file.

Game seed: 17975834518545166058

2 HAL9000 the Sneak (level 1, 0/11 HPs)
             Began as a Vine Stalker Brigand on June 23, 2021.
             Slain by a giant cockroach (1 damage)
             ... on level 1 of the Dungeon.
             The game lasted 00:00:10 (45 turns).

HAL9000 the Sneak (Vine Stalker Brigand)              Turns: 45, Time: 00:00:11

Health: 0/11       AC:  3    Str: 13    XL:     1   Next: 40%
Magic:  0/2        EV: 11    Int: 11    God:
Gold:   0          SH:  0    Dex: 15    Spells: 0/0 levels left

rFire    . . .     SeeInvis .   a - +2 dagger
rCold    . . .     Faith    .   (no shield)
rNeg     . . .     Spirit   +   b - +0 robe
rPois    .         Reflect  .   (no helmet)
rElec    .         Harm     .   c - +0 cloak
rCorr    .         Rampage  .   (no gloves)
Will     .....                  (no boots)
Stlth    +++.......             (no amulet)
HPRegen  0.03/turn              (no ring)
MPRegen  0.08/turn              (no ring)

@: no status effects
A: fangs 2, magic shield, antimagic bite, no potion heal 2
a: no special abilities


You were on level 1 of the Dungeon.
You visited 1 branch of the dungeon, and saw 1 of its levels.

Inventory:

Hand Weapons
 a - a +2 dagger (weapon)
Missiles
 d - 20 poisoned darts (quivered)
 e - 2 curare-tipped darts
Armour
 b - a +0 robe (worn)
 c - a +0 cloak (worn)
Scrolls
 f - a scroll of noise {unknown}


   Skills:
 - Level 1.7 Fighting
 - Level 1.7 Short Blades
 - Level 1.7 Throwing
 - Level 0.7 Dodging
 + Level 5.0 Stealth


You couldn't memorise any spells.
You didn't know any spells.
Your spell library was empty.

Dungeon Overview and Level Annotations

Branches:
Dungeon (1/15)

Altars:


Innate Abilities, Weirdness & Mutations

You have extremely sharp teeth.
When hurt, damage is shared between your health and your magic reserves.
Your bite disrupts and absorbs the magic of your enemies.
Potions cannot restore your health.


Message History

You are frozen.
You hit the endoplasm.
You bite the endoplasm, but do no damage.
The endoplasm is heavily wounded.
You barely miss the endoplasm.
The endoplasm is heavily wounded.
The hobgoblin hits you. The endoplasm barely misses you.
A hobgoblin comes into view.
The giant cockroach closely misses you.
You hit the endoplasm.
The endoplasm is severely wounded.
The endoplasm barely misses you. The hobgoblin misses you.
The giant cockroach misses you.
You hit the endoplasm.
You kill the endoplasm!
The hobgoblin closely misses you. The endoplasm freezes you.
You are frozen.
The giant cockroach barely misses you.
You hit the hobgoblin. You bite the hobgoblin.
You kill the hobgoblin!
The giant cockroach closely misses you. The endoplasm hits you.
* * * LOW HITPOINT WARNING * * *
Your Stealth skill increases to level 5!
The giant cockroach bites you.
* * * LOW HITPOINT WARNING * * *
The endoplasm closely misses you.
The endoplasm hits you but does no damage.
The giant cockroach bites you.
* * * LOW HITPOINT WARNING * * *
There is an open door here.
You barely miss the giant cockroach.
The giant cockroach bites you but does no damage.
You barely miss the giant cockroach.
You bite the giant cockroach, but do no damage.
The giant cockroach bites you. The giant cockroach misses you.
You barely miss the giant cockroach.
The giant cockroach waves its antennae.
The giant cockroach closely misses you. The giant cockroach bites you.
You die...

#.#..######
#.##.#.####.
#..J........
##'###+###+##
#...#
#...#≈.≈#
#..J#≈(≈#
#..B#≈.≈# ≈≈#
#..@#≈.≈#≈≈.#
#...#≈.≈#≈..#
#...#...#...#
#...........#
#...........#
#...........#
#...........#
#.....<.....#
#...........#


You could see an endoplasm and a giant cockroach.

Vanquished Creatures
  An endoplasm (D:1)
  A hobgoblin (D:1)
2 creatures vanquished.

Notes
Turn   | Place    | Note
-------+----------+-------------------------------------------
     0 | D:1      | HAL9000 the Vine Stalker Brigand began the quest for the
                  | Orb.
     0 | D:1      | Reached XP level 1. HP: 11/11 MP: 2/2
    31 | D:1      | Reached skill level 5 in Stealth
    45 | D:1      | Slain by a giant cockroach

Illustrated notes

Levels and vault maps discovered:
D:1:      lightli_arrival_quake, layout_basic

Skill      XL: |  1 |
---------------+----+-----
Stealth        | 5 |  5.0
Fighting       | |  1.7
Short Blades   | |  1.7
Throwing       | |  1.7
Dodging        | |  0.7

Action                   || total
-------------------------++-------
Melee: Dagger            ||     9
       Bite              ||     3
Armor: Robe              ||     2
Dodge: Dodged            ||    11

Table legend: (Time is in decaauts)
 A = Elapsed time spent in this place.
 B = Non-inter-level travel time spent in this place.
 C = Inter-level travel time spent in this place.
 D = Time resting spent in this place.
 E = Time spent auto-exploring this place.
 F = Levels seen in this place.
 G = Mean time per level.
                   A        B        C        D        E       F      G
               +--------+--------+--------+--------+--------+-----+--------+
         Total |     44 |     44 |      0 |      0 |     17 |   1 |   44.0 |
       Dungeon |     44 |     44 |      0 |      0 |     17 |   1 |   44.0 |
               +--------+--------+--------+--------+--------+-----+--------+

Top non-repeatable levels by time:
     D:1: 44 daAuts
